 Dungeon Crawl Stone Soup version 0.16-a0-3933-g06ce5c0 (webtiles) character file.

25 Johnny the Ogre Mage (level 3, -1/35 HPs)
             Began as an Ogre Wizard on Feb 5, 2015.
             Slain by an adder (4 damage)
             ... on level 2 of the Dungeon.
             The game lasted 00:02:37 (1496 turns).

Johnny the Ogre Mage (Ogre Wizard)                  Turns: 1496, Time: 00:02:37

Health: -1/35      AC:  3    Str: 12    XL:     3   Next: 4%
Magic:  2/8        EV: 10    Int: 17    God:
Gold:   142        SH:  0    Dex:  9    Spells: 2 memorised, 6 levels left

rFire  . . .     SeeInvis .     q - +0 spear
rCold  . . .     Clarity  .     a - +0 robe
rNeg   . . .     SustAb   .     (shield restricted)
rPois  .         Gourm    .     b - +0 hat
rElec  .         Spirit   .     (no cloak)
rCorr  .         Warding  .     (gloves unavailable)
rMut   .         Stasis   .     (boots unavailable)
MR     .....                    (no amulet)
Stlth  +.........               (no ring)
                                (no ring)

@: lethally poisoned (-1 -> -11), flying, very slightly contaminated, hasted,
very quick, not resistant to hostile enchantments, very unstealthy
A: unfitting armour, tough skin 1
a: no special abilities


You were on level 2 of the Dungeon.
You were very hungry.

You visited 1 branch of the dungeon, and saw 2 of its levels.

You collected 142 gold pieces.

Inventory:

Hand weapons
 e - a +0 club
 q - a +0 spear (weapon)
Armour
 a - a +0 robe (worn)
 b - a +0 hat (worn)
 i - a +0 large shield
Scrolls
 h - a scroll of remove curse {unknown}
 j - a scroll of random uselessness {unknown}
 k - a scroll of amnesia {unknown}
 m - a scroll of enchant armour {unknown}
 n - 2 scrolls of teleportation {unknown}
 r - a scroll of blinking {unknown}
Potions
 l - a potion of might {unknown}
 p - a potion of flight
Books
 c - a book of Minor Magic

   Spells                             Type                      Level
   a - Magic Dart                     Conjuration                  1
   b - Blink                          Translocation                2
   c - Call Imp                       Summoning                    2
   d - Repel Missiles                 Charms/Air                   2
   e - Slow                           Hexes                        2
   f - Conjure Flame                  Conjuration/Fire             3
   g - Mephitic Cloud                 Conjuration/Poison/Air       3
Comestibles
 d - 2 meat rations
 f - a bread ration
 o - a slice of pizza


   Skills:
 * Level 1.6 Fighting
 + Level 0.8 Armour
 * Level 2.2 Dodging
 - Level 1.5 Stealth
 * Level 0.5 Shields
 - Level 3.6 Spellcasting
 - Level 0.6 Conjurations
 - Level 0.6 Summonings
   Level 0.6 Translocations


You had 6 spell levels left.
You knew the following spells:

 Your Spells              Type           Power        Failure   Level  Hunger
a - Magic Dart            Conj           #...         14%         1    None
b - Call Imp              Summ           #.......     21%         2    ##.....


Dungeon Overview and Level Annotations

Branches:
Dungeon (2/15)

Altars:


Innate Abilities, Weirdness & Mutations

You are too large for most types of armour.
You have tough skin (AC +1).


Message History

The adder bites you.
* * * LOW HITPOINT WARNING * * *
The giant cockroach bites you but does no damage.
The adder bites you but does no damage.
The giant cockroach bites you but does no damage.
Drink which item? (? for menu, Esc to quit)
It was a potion of haste.
You feel yourself speed up. The bat hits you but does no damage.
Your crimson imp closely misses the adder.
The adder bites you.
* * * LOW HITPOINT WARNING * * *
You are more poisoned.
The adder poisons you! The giant cockroach barely misses you.
Drink which item? (? for menu, Esc to quit)
It was a potion of flight.
You feel very buoyant.
You fly up into the air.
* * * LOW HITPOINT WARNING * * *
You feel sick. The adder bites you.
You die...

#.# ..# ..# ..#
#.# #.# ########.#
#.........#####
..5...5S@.b...#
.......s......#
.............#####
.................#
.###############.#
#.# #.# #.# #.#


You could see an adder, a giant cockroach, a bat and 2 friendly crimson imps.

Vanquished Creatures
  A ball python (D:1)
  3 bats
  A giant cockroach (D:1)
  5 hobgoblins
  5 giant newts
  3 goblins (D:1)
  4 kobolds (D:1)
  2 rats (D:1)
24 creatures vanquished.

Vanquished Creatures (collateral kills)
  A kobold (D:1)
1 creature vanquished.

Grand Total: 25 creatures vanquished

Notes
Turn   | Place    | Note
--------------------------------------------------------------
     0 | D:1      | Johnny, the Ogre Wizard, began the quest for the Orb.
     0 | D:1      | Reached XP level 1. HP: 16/16 MP: 4/4
    22 | D:1      | Reached skill level 1 in Fighting
   141 | D:1      | Reached XP level 2. HP: 8/27 MP: 4/6
   712 | D:1      | Learned a level 2 spell: Call Imp
  1367 | D:2      | Reached XP level 3. HP: 26/35 MP: 8/8
  1496 | D:2      | Slain by an adder

Action                   || total
-------------------------++-------
Melee: Club              ||    85
       Unarmed           ||     4
       Spear             ||    18
 Cast: Magic Dart        ||     5
       Call Imp          ||     5
  Use: Potion            ||     2
  Eat: Chunk             ||     1
